 Dungeon Crawl Stone Soup version 0.31.0-32-g396128a36d (webtiles) character file.

Game seed: 8763558980993633108

328 booth the Ducker (level 6, -9/56 HPs)
             Began as a Gnoll Monk on Mar 23, 2024.
             Was a Believer of Ashenzari.
             Mangled by Duvessa
             ... wielding a +0 short sword
              (12 damage)
             ... on level 4 of the Dungeon.
             The game lasted 00:20:23 (3524 turns).

booth the Ducker (Gnoll Monk)                       Turns: 3524, Time: 00:20:24

Health: -9/56      AC:  8    Str: 10    XL:     6   Next: 50%
Magic:  0/10       EV: 13    Int: 11    God:    Ashenzari [**....]
Gold:   113        SH:  0    Dex: 15    Spells: 11/11 levels left

rFire   + . .        a - +0 hand axe (freeze)
rCold   . . .        (no shield)
rNeg    . . .        u - +0 ring mail
rPois   .            n - +2 hat "Limitation of Ashenzari" {Dev, Range} (curse)
rElec   .            (no cloak)
rCorr   .            p - +0 pair of gloves of the Manifest Dogma {Dev, Self} (curse)
SInv    +            (no boots)
Will    .....        t - amulet "At What Cost Knowledge?" {Spirit, Melee, Cun} (curse)
Stlth   ++           (no ring)
HPRegen 0.29/turn    m - ring of the Unveiling Heavens {rF+, Bglg, Dev} (curse)
MPRegen 0.12/turn

%: guardian spirit
@: about to teleport
A: fangs 1, strong nose, distributed training
a: Renounce Religion, Curse Item, Shatter the Chains


You were on level 4 of the Dungeon.
You worshipped Ashenzari.
Ashenzari was pleased with you.
You visited 1 branch of the dungeon, and saw 4 of its levels.

You collected 113 gold pieces.

Inventory:

Hand Weapons
 a - a +0 hand axe of freezing (weapon)
 z - a +0 mace
Missiles
 k - 17 boomerangs (quivered)
 s - 3 javelins
Armour
 d - an orb of light
 n - the cursed +2 hat "Limitation of Ashenzari" (worn) {Dev, Range}
   (You found it on level 1 of the Dungeon)

   It has a curse which improves the following skills: Devices: Evocations and
   Shapeshifting.
   Ranged Combat: Ranged Weapons and Throwing.
 p - the cursed +0 pair of gloves of the Manifest Dogma (worn) {Dev, Self}
   (You found it on level 2 of the Dungeon)

   It has a curse which improves the following skills: Devices: Evocations and
   Shapeshifting.
   Introspection: Fighting and Spellcasting.
 u - a +0 ring mail (worn)
Jewellery
 b - an amulet of the acrobat
 m - the cursed ring of the Unveiling Heavens (right hand) {rF+, Bglg, Dev}
   (You found it on level 1 of the Dungeon)

   [ring of protection from fire]

   rF+:       It protects you from fire.
   It has a curse which improves the following skills: Beguiling: Hexes and
   Translocations.
   Devices:   Evocations and Shapeshifting.
 t - the cursed amulet "At What Cost Knowledge?" (around neck) {Spirit, Melee, Cun}
   (You found it on level 2 of the Dungeon)

   [amulet of guardian spirit]

   Spirit:    It causes incoming damage to be divided between your reserves of
   health and magic.
   It has a curse which improves the following skills: Melee Combat: Short
   Blades, Long Blades, Axes, Maces & Flails, Polearms, Staves and Unarmed
   Combat.
   Cunning:   Dodging and Stealth.
Wands
 j - a wand of polymorph (4)
Scrolls
 f - a scroll of immolation
 g - a scroll of amnesia
 l - a scroll of blinking
 r - 3 scrolls of vulnerability
 x - 2 scrolls of fog
 y - a scroll of silence
Potions
 c - 3 potions of ambrosia
 e - 2 potions of invisibility
 h - a potion of curing
 i - 2 potions of might
 o - a potion of enlightenment
 q - 3 potions of mutation
 w - a potion of attraction


   Skills:
 + Level 6.9(8.0) Fighting
 + Level 2.1(3.0) Short Blades
 + Level 2.1(3.0) Long Blades
 + Level 6.9(8.0) Axes
 + Level 2.1(3.0) Maces & Flails
 + Level 2.1(3.0) Polearms
 + Level 2.1(3.0) Staves
 + Level 2.1(3.0) Ranged Weapons
 + Level 2.1(3.0) Throwing
 + Level 2.1 Armour
 + Level 6.9(8.0) Dodging
 + Level 2.1(3.0) Stealth
 + Level 2.1 Shields
 + Level 2.1(3.0) Unarmed Combat
 + Level 2.1(3.0) Spellcasting
 + Level 1.6 Conjurations
 + Level 1.6(2.5) Hexes
 + Level 1.6 Summonings
 + Level 1.6 Necromancy
 + Level 1.6(2.5) Translocations
 + Level 1.6 Fire Magic
 + Level 1.6 Ice Magic
 + Level 1.6 Air Magic
 + Level 1.6 Earth Magic
 + Level 1.6 Alchemy
 + Level 2.3 Invocations
 + Level 2.1(3.8) Evocations
 + Level 1.9(3.6) Shapeshifting


You had 11 spell levels left.
You didn't know any spells.
Your spell library contained the following spells:

 Spells                   Type           Power      Damage    Failure   Level
 Scorch                   Fire           10%        2d5       45%         2
 Flame Wave               Conj/Fire      5%         2d5       97%         4
 Summon Cactus Giant      Summ           2%         N/A       100%        6


Dungeon Overview and Level Annotations

Branches:
Dungeon (4/15)
 Temple: D:4-7

Altars:
Ashenzari
Cheibriados
Dithmenos
Zin

Shops:
D:1 =

Annotations:
D:2 1 runed translucent door, Crazy Yiuf
D:3 2 transporters
D:4 2 transporters, Duvessa


Innate Abilities, Weirdness & Mutations

You have very sharp teeth.
Your uncanny sense of smell can sniff out nearby items.
Your experience applies equally to all skills.


Message History

Duvessa is moderately wounded.
Duvessa hits you with a +0 short sword. x2
You hit Duvessa but do no damage.
Duvessa is moderately wounded.
Duvessa hits you with a +0 short sword!
You hit Duvessa. You freeze Duvessa.
Duvessa is moderately wounded.
You closely miss the goblin. Duvessa hits you with a +0 short sword!
The goblin misses you.
You barely miss Duvessa.
Duvessa is moderately wounded.
You hit the goblin. You freeze the goblin. Duvessa closely misses you.
The goblin closely misses you. Duvessa hits you with a +0 short sword.
You feel better. Duvessa barely misses you. The goblin barely misses you.
You hit Duvessa but do no damage.
Duvessa is moderately wounded.
You hit the goblin. You freeze the goblin.
You kill the goblin!
Duvessa hits you with a +0 short sword! Duvessa hits you but does no damage.
You hit Duvessa but do no damage.
Duvessa is moderately wounded.
Duvessa hits you with a +0 short sword.
You completely miss Duvessa.
Duvessa is moderately wounded.
Duvessa hits you with a +0 short sword!
Throw: 17 boomerangs
Press: ? - help, Q - select action, (/) - cycle Shift-Dir - straight line, f - Duvessa
Aim: Duvessa, wielding a +0 short sword and wearing a +0 leather armour (moderately wounded, berserk, 65% to hit)
You throw a boomerang. The boomerang closely misses Duvessa.
Duvessa hits you but does no damage. Duvessa hits you with a +0 short sword.
As you read the scroll of teleportation, it crumbles to dust.
You feel strangely unstable. Duvessa hits you but does no damage.
Duvessa hits you with a +0 short sword!
* * * LOW HITPOINT WARNING * * *
You barely miss Duvessa.
Duvessa is moderately wounded.
Duvessa hits you with a +0 short sword.
* * * LOW HITPOINT WARNING * * *
Duvessa attacks as she pursues you! Duvessa hits you with a +0 short sword!
You die...

#.# ##(# ###### ...# ##
## #..... ##..#
#...####.#### ####....
.#........# ......#
...####.#.# #...# #.#
#.#.# #.e# #.# ##.#.#
#.####)@#####<####..#.#
............#.#.<#'##.#
#.#########.#.#..'_'..#
#######......#'#....
........#...........
#######.####.##.#### #
#.# #....# ##. #.#
#.#..# #.#.###.# #...##


You could see Duvessa (berserk).

Vanquished Creatures
  Dowan (D:4)
  A bombardier beetle (D:3)
  A hound (D:4)
  An iguana (D:4)
  Robin (D:3)
  4 gnolls (D:3)
  4 adders
  A shadow imp (D:3)
  A ribbon worm (D:2)
  3 dart slugs
  An orc (D:3)
  8 endoplasms
  3 giant cockroaches
  16 goblins
  4 hobgoblins
  7 kobolds
  A quokka (D:1)
  11 ball pythons
  9 bats
  8 frilled lizards
  6 rats
92 creatures vanquished.

Notes
Turn   | Place    | Note
-------+----------+-------------------------------------------
     0 | D:1      | booth the Gnoll Monk began the quest for the Orb.
     0 | D:1      | Reached XP level 1. HP: 23/23 MP: 1/1
   329 | D:1      | Reached XP level 2. HP: 17/27 MP: 2/2
   706 | D:1      | Found a faded altar of an unknown god.
   730 | D:1      | Prayed at the altar of an unknown god.
   730 | D:1      | Became a worshipper of Ashenzari the Shackled
   743 | D:1      | Reached * piety under Ashenzari
   793 | D:1      | Reached XP level 3. HP: 34/35 MP: 3/3
  1063 | D:1      | Found Comuonge's Jewellery Shoppe.
  1295 | D:2      | Found a runed translucent door.
  1296 | D:2      | Noticed Crazy Yiuf
  1376 | D:2      | Reached skill level 1 in Invocations
  1437 | D:2      | Reached ** piety under Ashenzari
  1477 | D:2      | Reached skill level 1 in Short Blades
  1477 | D:2      | Reached skill level 1 in Long Blades
  1477 | D:2      | Reached skill level 1 in Maces & Flails
  1477 | D:2      | Reached skill level 1 in Polearms
  1477 | D:2      | Reached skill level 1 in Staves
  1477 | D:2      | Reached skill level 1 in Ranged Weapons
  1477 | D:2      | Reached skill level 1 in Throwing
  1477 | D:2      | Reached skill level 1 in Armour
  1477 | D:2      | Reached skill level 1 in Stealth
  1477 | D:2      | Reached skill level 1 in Shields
  1477 | D:2      | Reached skill level 1 in Unarmed Combat
  1477 | D:2      | Reached skill level 1 in Spellcasting
  1477 | D:2      | Reached skill level 1 in Evocations
  1534 | D:2      | Reached skill level 1 in Shapeshifting
  1534 | D:2      | Reached XP level 4. HP: 41/44 MP: 6/6
  2270 | D:3      | Reached skill level 1 in Conjurations
  2270 | D:3      | Reached skill level 1 in Hexes
  2270 | D:3      | Reached skill level 1 in Summonings
  2270 | D:3      | Reached skill level 1 in Necromancy
  2270 | D:3      | Reached skill level 1 in Translocations
  2270 | D:3      | Reached skill level 1 in Fire Magic
  2270 | D:3      | Reached skill level 1 in Ice Magic
  2270 | D:3      | Reached skill level 1 in Air Magic
  2270 | D:3      | Reached skill level 1 in Earth Magic
  2270 | D:3      | Reached skill level 1 in Alchemy
  2307 | D:3      | Found a shadowy altar of Dithmenos.
  2310 | D:3      | Found a glowing silver altar of Zin.
  2319 | D:3      | Noticed a steam dragon
  2323 | D:3      | Noticed a scorpion
  2343 | D:3      | Noticed a scorpion
  2348 | D:3      | Found a transporter.
  2409 | D:3      | Reached XP level 5. HP: 24/49 MP: 3/8
  2526 | D:3      | Noticed Robin
  2547 | D:3      | Killed Robin
  2781 | D:3      | Found a transporter.
  3224 | D:4      | Reached XP level 6. HP: 46/56 MP: 7/10
  3233 | D:4      | Noticed Dowan
  3248 | D:4      | Killed Dowan
  3251 | D:4      | Noticed Duvessa
  3290 | D:4      | Found a transporter.
  3290 | D:4      | Found a transporter.
  3484 | D:4      | Found a snail-covered altar of Cheibriados.
  3524 | D:4      | Mangled by Duvessa

Illustrated notes

Levels and vault maps discovered:
D:1:      nicolae_arrival_somewhat_less_tricky_arrival, layout_loops_corners,
          serial_shops, shop, hellmonk_ecumenical_altar_run_dry
D:2:      layout_basic, dk_noncrumbling_2, uniq_crazy_yiuf_cottage
D:3:      layout_loops_cross, gammafunk_temple_overflow_arena, uniq_robin
D:4:      layout_loops_ring, kennysheep_mini, gammafunk_ghost_gnarly_gnolls,
          uniq_duvessa

Skill      XL: |  1  2  3  4  5  6 |
---------------+-------------------+-----
Invocations    | 1 2 |  2.3
Short Blades   | 1 2 |  2.1
Long Blades    | 1 2 |  2.1
Maces & Flails | 1 2 |  2.1
Polearms       | 1 2 |  2.1
Staves         | 1 2 |  2.1
Ranged Weapons | 1 2 |  2.1
Throwing       | 1 2 |  2.1
Armour         | 1 2 |  2.1
Stealth        | 1 2 |  2.1
Shields        | 1 2 |  2.1
Unarmed Combat | 1 2 |  2.1
Spellcasting   | 1 2 |  2.1
Evocations     | 1 2 |  2.1
Shapeshifting  | 1 |  1.9
Conjurations   | 1 |  1.6
Hexes          | 1 |  1.6
Summonings     | 1 |  1.6
Necromancy     | 1 |  1.6
Translocations | 1 |  1.6
Fire Magic     | 1 |  1.6
Ice Magic      | 1 |  1.6
Air Magic      | 1 |  1.6
Earth Magic    | 1 |  1.6
Alchemy        | 1 |  1.6
Fighting       | |  6.9
Axes           | |  6.9
Dodging        | |  6.9

Action                     |  1- 3 |  4- 6 || total
---------------------------+-------+-------++-------
  Melee: Hand axe          |   104 |   198 ||   302
         Bite              |    15 |    21 ||    36
  Throw: Boomerang         |       |     2 ||     2
 Invoke: Curse Item        |     3 |     1 ||     4
    Use: Potion            |       |     2 ||     2
         Scroll            |       |     2 ||     2
 Armour: Robe              |    40 |     2 ||    42
         Ring mail         |       |   105 ||   105
  Dodge: Dodged            |    69 |   106 ||   175
